 Dungeon Crawl Stone Soup version 0.17-a0-725-gfa8c127 (webtiles) character file.

570 ahoge the Ducker (level 7, 0/62 HPs)
             Began as a Minotaur Berserker on Apr 20, 2015.
             Was a Priest of Trog.
             Slain by an ogre
             ... wielding a +0 giant club
              (24 damage)
             ... on level 5 of the Dungeon.
             The game lasted 00:11:57 (3298 turns).

ahoge the Ducker (Minotaur Berserker)               Turns: 3298, Time: 00:11:58

Health: 0/62       AC:  2    Str: 22    XL:     7   Next: 11%
Magic:  6/6        EV: 14    Int:  4    God:    Trog [***...]
Gold:   116        SH:  0    Dex: 11    Spells: 0 memorised, 6 levels left

rFire  . . .     SeeInvis .     a - +0 mace
rCold  . . .     Clarity  .     b - +0 animal skin
rNeg   . . .     SustAb   .     (no shield)
rPois  .         Gourm    .     (helmet restricted)
rElec  .         Spirit   .     (no cloak)
rCorr  .         Warding  .     (no gloves)
rMut   .         Stasis   .     (no boots)
MR     .....                    (no amulet)
Stlth  +.........               (no ring)
                                (no ring)

@: not resistant to hostile enchantments, very unstealthy
A: retaliatory headbutt, horns 2
a: Burn Spellbooks, Berserk, Trog's Hand, Renounce Religion


You were on level 5 of the Dungeon.
You worshipped Trog.
Trog was most pleased with you.
You were hungry.

You visited 1 branch of the dungeon, and saw 5 of its levels.

You collected 116 gold pieces.

Inventory:

Hand weapons
 a - a +0 mace (weapon)
Armour
 b - a +0 animal skin (worn)
Jewellery
 j - an uncursed ring of teleport control {unknown}
 n - a cursed ring of loudness {unknown}
 r - a cursed ring of loudness {unknown}
 x - an uncursed ring of fire {unknown}
Scrolls
 d - a scroll of identify {unknown}
 e - 2 scrolls of magic mapping {unknown}
 g - 2 scrolls of teleportation {unknown}
 h - a scroll of fog {unknown}
 i - a scroll of enchant armour {unknown}
 l - 2 scrolls of immolation {unknown}
 o - a scroll of amnesia {unknown}
 p - a scroll of remove curse {unknown}
Potions
 f - a potion of brilliance {unknown}
 k - 4 potions of curing {unknown}
 m - a potion of resistance {unknown}
 u - a potion of cure mutation {unknown}
 v - a potion of poison {unknown}
 z - a potion of haste {unknown}
 A - a potion of flight {unknown}
Books
 y - a book of Conjurations

   Spells                             Type                      Level
   a - Magic Dart                     Conjuration                  1
   b - Searing Ray                    Conjuration                  2
   c - Dazzling Spray                 Conjuration/Hexes            3
   d - Fulminant Prism                Conjuration/Hexes            4
   e - Iskenderun's Mystic Blast      Conjuration                  4
   f - Iskenderun's Battlesphere      Conjuration/Charms           5
   Trog disapproves of the use of such an item.
Comestibles
 c - 4 bread rations
 q - a beef jerky
 s - 6 chunks of flesh
 t - a slice of pizza
 w - a meat ration


   Skills:
 + Level 5.9 Fighting
 + Level 5.7 Maces & Flails
 + Level 2.8 Armour
 + Level 6.0 Dodging


You had 6 spell levels left.
You didn't know any spells.

Dungeon Overview and Level Annotations

Branches:
Dungeon (5/15)
 Temple: D:4-7

Altars:
Gozag
Kikubaaqudgha
Yredelemnul
Zin


Innate Abilities, Weirdness & Mutations

You reflexively headbutt those who attack you in melee.
You have a pair of horns on your head.


Message History

You see here a hand axe.
You open the door.
Found a hardcover book.
There is an open door here.
A - a puce potion
y - a book of Conjurations
There is an open door here.
Things that are here:
a club; a chain mail; an orc skeleton You see here a dagger.
You now have 116 gold pieces (gained 13).
You are feeling hungry.
Found a stone staircase leading down.
You open the door.
An ogre comes into view. It is wielding a giant club.
The ogre shouts!
You sock the ogre!
The ogre is moderately wounded.
The ogre hits you with a giant club!!
You die...

+...'..#########.
#...#))..........
.#####.#)#####......
...............####
.#..P.P..###......#
##.._.)#<......#.#
#.P.P.####.##.#
#...........#+#.#>..
#.##..#####@........
...
#..#...O....##### #
#..#.###........
#... +.....### #.##
#.....# . #.....#
#...#.# #.###. #.#


You could see an ogre.

Vanquished Creatures
  2 phantoms (D:5)
  An ogre (D:4)
  A scorpion (D:4)
  An orc wizard (D:3)
  An orc priest (D:5)
  A hound skeleton (D:4)
  4 gnolls (D:4)
  5 adders
  An ooze (D:4)
  An adder zombie (D:4)
  An adder skeleton (D:4)
  4 worms
  5 giant geckos
  7 orcs
  A ball python (D:4)
  10 bats
  3 giant cockroaches
  6 goblins
  12 hobgoblins
  3 jackals (D:3)
  6 giant newts
  7 kobolds
  7 rats
90 creatures vanquished.

Notes
Turn   | Place    | Note
--------------------------------------------------------------
     0 | D:1      | ahoge, the Minotaur Berserker, began the quest for the Orb.
     0 | D:1      | Reached XP level 1. HP: 19/19 MP: 0/0
   320 | D:1      | Reached XP level 2. HP: 27/27 MP: 1/1
   323 | D:1      | Reached skill level 4 in Fighting
   695 | D:2      | Found a glowing silver altar of Zin.
   987 | D:2      | Found an opulent altar of Gozag.
   994 | D:2      | Found an ancient bone altar of Kikubaaqudgha.
  1035 | D:2      | Reached XP level 3. HP: 34/34 MP: 2/2
  1231 | D:2      | Acquired Trog's second power
  1690 | D:3      | Reached XP level 4. HP: 17/41 MP: 3/3
  2129 | D:3      | Reached skill level 5 in Fighting
  2497 | D:4      | Reached XP level 5. HP: 46/48 MP: 4/4
  2895 | D:4      | Reached skill level 5 in Maces & Flails
  2895 | D:4      | Reached XP level 6. HP: 10/56 MP: 5/5
  2931 | D:4      | Reached skill level 5 in Dodging
  3118 | D:4      | Noticed an ogre
  3125 | D:4      | Killed an ogre
  3210 | D:5      | Entered Level 5 of the Dungeon
  3213 | D:5      | Found a basalt altar of Yredelemnul.
  3247 | D:5      | Reached skill level 6 in Dodging
  3247 | D:5      | Reached XP level 7. HP: 14/62 MP: 6/6
  3298 | D:5      | Slain by an ogre

Action                   |  1- 3 |  4- 6 |  7- 9 || total
-------------------------+-------+-------+-------++-------
Melee: Mace              |    58 |   134 |     1 ||   193
Invok: Berserk           |     2 |     3 |       ||     5
       Trog's Hand       |     1 |     4 |       ||     5
 Stab: Sleeping          |       |     1 |       ||     1
  Eat: Chunk             |     3 |     9 |     1 ||    13
